| TOP OF THE 1ST |
|
St. Louis Cardinals batting - Pitching for Chicago Cubs : RHP Keury Mella
|
|
Pitching: RHP Keury Mella
|
|
|
Batting: LHB Zak Taylor
|
0-0: Called Strike 0-1: Ball 1-1: Ball 2-1: Called Strike 2-2: Ball 3-2: Ground out 1-3 (Groundball, P, EV 71.3 MPH)
|
|
Batting: RHB Avery Romero
|
0-0: Called Strike 0-1: Fly out, F7 (Line Drive, 7S, EV 67.5 MPH)
|
|
Batting: RHB Cristián Gómez
|
0-0: Called Strike 0-1: Foul Ball, location: 3F 0-2: Strikes out looking
|
| Top of the 1st over - 0 runs, 0 hits, 0 errors, 0 left on base; St. Louis 0 - Chicago 0 |
| BOTTOM OF THE 1ST |
|
Chicago Cubs batting - Pitching for St. Louis Cardinals : RHP Jim Crocker
|
|
Pitching: RHP Jim Crocker
|
|
|
Batting: RHB Franklin Barreto
|
0-0: Called Strike 0-1: Ball 1-1: Ground out 3-1 (Groundball, 34, EV 104.4 MPH)
|
|
Batting: LHB Ron Hicks
|
0-0: Foul Ball, location: 3FF 0-1: Ball 1-1: Ball 2-1: Swinging Strike 2-2: Strikes out swinging, 2-3 out at first.
|
|
Batting: LHB Dave Hopper
|
0-0: Foul Ball, location: 5F 0-1: Ground out U3 (Groundball, 34, EV 82.5 MPH)
|
| Bottom of the 1st over - 0 runs, 0 hits, 0 errors, 0 left on base; St. Louis 0 - Chicago 0 |
| TOP OF THE 2ND |
|
St. Louis Cardinals batting - Pitching for Chicago Cubs : RHP Keury Mella
|
|
Batting: RHB Sergio Cortés
|
0-0: Foul Ball, location: 2F 0-1: Foul Ball, location: 3FF 0-2: Foul Ball, location: 2F 0-2: Ball 1-2: Strikes out looking
|
|
Batting: LHB Jason Heyward
|
0-0: Ball 1-0: Ball 2-0: Swinging Strike 2-1: Called Strike 2-2: Foul Ball, location: 5SF 2-2: Foul Ball, location: 7LMF 2-2: Ball 3-2: Foul Ball, location: 9LMF 3-2: Strikes out swinging
|
|
Batting: RHB Phil Logan
|
0-0: Foul Ball, location: 2F 0-1: Ball 1-1: Called Strike 1-2: Strikes out swinging
|
| Top of the 2nd over - 0 runs, 0 hits, 0 errors, 0 left on base; St. Louis 0 - Chicago 0 |
| BOTTOM OF THE 2ND |
|
Chicago Cubs batting - Pitching for St. Louis Cardinals : RHP Jim Crocker
|
|
Batting: RHB Stephen Piscotty
|
0-0: Foul Ball, location: 2F 0-1: TRIPLE (Line Drive, 89XD, EV 110.6 MPH)
|
|
Batting: RHB Rob Snyder
|
0-0: Ball 1-0: Ball 2-0: Ball 3-0: Base on Balls
|
|
Batting: SHB Dan Williams
|
0-0: Called Strike Rob Snyder steals 2nd base 0-1: Ball 1-1: Ball 2-1: DOUBLE (Flyball, 8LXD, EV 94.4 MPH) Stephen Piscotty scores Rob Snyder scores
|
|
Batting: RHB Kevin Wilson
|
0-0: Ball 1-0: Called Strike 1-1: Foul Ball, location: 2F 1-2: Foul Ball, location: 2F 1-2: Ball 2-2: Foul Ball, location: 2F 2-2: Fly out, F8 (Line Drive, 8RS, EV 94.4 MPH)
|
|
Batting: SHB Fidel Mejia
|
0-0: Ball 1-0: Foul Ball, location: 2F 1-1: Fly out, F7 (Flyball, 7, EV 86.9 MPH) Throwing error, E7 Dan Williams scores
|
|
Batting: SHB Daniel Guerrero
|
0-0: Swinging Strike 0-1: Called Strike 0-2: Foul Ball, location: 7LMF 0-2: Strikes out swinging
|
| Bottom of the 2nd over - 3 runs, 2 hits, 1 error, 0 left on base; St. Louis 0 - Chicago 3 |
| TOP OF THE 3RD |
|
St. Louis Cardinals batting - Pitching for Chicago Cubs : RHP Keury Mella
|
|
Batting: SHB Lucas Tirado
|
0-0: Called Strike 0-1: Ground out 6-3 (Groundball, 6, EV 84.4 MPH)
|
|
Batting: RHB Juan Álvarez
|
0-0: DOUBLE (Line Drive, 9LM, EV 94.4 MPH)
|
|
Batting: RHB Chris Jarvis
|
0-0: Ball 1-0: Foul Ball, location: 2F 1-1: Ball 2-1: Ball 3-1: SINGLE (Line Drive, 9LS, EV 103.1 MPH) Juan Álvarez to third Runner from 3rd tries for Home, SAFE, throw by RF to home Chris Jarvis to second
|
|
Batting: LHB Zak Taylor
|
0-0: Called Strike 0-1: Ball 1-1: Foul Ball, location: 2F 1-2: Ball 2-2: Foul Ball, location: 3FF 2-2: Ball 3-2: 2-RUN HOME RUN (Flyball, 78XD, EV 100.6 MPH), Distance : 395 ft
|
|
Batting: RHB Avery Romero
|
0-0: Called Strike 0-1: Ball 1-1: Foul Ball, location: 2F 1-2: Fly out, F4 (Popup, 34D, EV 50.0 MPH)
|
|
Batting: RHB Cristián Gómez
|
0-0: Fly out, F4 (Flyball, 4D, EV 88.1 MPH)
|
| Top of the 3rd over - 3 runs, 3 hits, 0 errors, 0 left on base; St. Louis 3 - Chicago 3 |
| BOTTOM OF THE 3RD |
|
Chicago Cubs batting - Pitching for St. Louis Cardinals : RHP Jim Crocker
|
|
Batting: RHB Franklin Barreto
|
0-0: Foul Ball, location: 2F 0-1: Foul Ball, location: 5FF 0-2: Foul Ball, location: 3SF 0-2: Ground out 4-3 (Groundball, 4, EV 103.1 MPH)
|
|
Batting: LHB Ron Hicks
|
0-0: Ball 1-0: Ball 2-0: SINGLE (Groundball, 34D, EV 96.9 MPH)
|
|
Batting: LHB Dave Hopper
|
0-0: Ball Ron Hicks steals 2nd base 1-0: Called Strike 1-1: Foul Ball, location: 23F 1-2: Ball 2-2: Strikes out looking
|
|
Batting: RHB Stephen Piscotty
|
0-0: Called Strike 0-1: Ball 1-1: DOUBLE (Flyball, 78D, EV 98.1 MPH) Ron Hicks scores
|
|
Batting: RHB Rob Snyder
|
0-0: Swinging Strike 0-1: Ball 1-1: Swinging Strike 1-2: SINGLE (Groundball, 34D, EV 104.4 MPH) Stephen Piscotty to third Runner from 3rd tries for Home, SAFE, throw by RF to home
|
|
Pitching: LHP Chad Cooke
|
|
|
Batting: SHB Dan Williams
|
0-0: Ball 1-0: Ball 2-0: Called Strike Rob Snyder steals 2nd base 2-1: Called Strike 2-2: Foul Ball, location: 9LSF 2-2: Strikes out swinging
|
| Bottom of the 3rd over - 2 runs, 3 hits, 0 errors, 1 left on base; St. Louis 3 - Chicago 5 |
| TOP OF THE 4TH |
|
St. Louis Cardinals batting - Pitching for Chicago Cubs : RHP Keury Mella
|
|
Batting: RHB Sergio Cortés
|
0-0: Ball 1-0: Called Strike 1-1: Ball 2-1: SINGLE (Line Drive, 8LS, EV 85.6 MPH)
|
|
Batting: LHB Jason Heyward
|
0-0: Called Strike 0-1: Fielders Choice at 2nd, 4-6 (Groundball, 4D, EV 103.1 MPH)
|
|
Batting: RHB Phil Logan
|
0-0: Ball Wild Pitch! Jason Heyward to second 1-0: Ball 2-0: SINGLE (Line Drive, 78S, EV 96.9 MPH) Jason Heyward to third
|
|
Batting: SHB Lucas Tirado
|
0-0: Ball 1-0: Foul Ball, location: 2F 1-1: Foul Ball, location: 2F 1-2: SINGLE (Line Drive, 9LS, EV 98.8 MPH) Jason Heyward scores Phil Logan to second
|
|
Batting: RHB Juan Álvarez
|
0-0: Called Strike 0-1: SINGLE (Groundball, 4MD, EV 100.0 MPH) Phil Logan to third Lucas Tirado to second Runner from 3rd tries for Home, SAFE, throw by CF to trailing runner, OUT at third! 8-3-5
|
|
Pitching: RHP Mike Adon
|
|
|
Batting: RHB Chris Jarvis
|
0-0: SINGLE (Line Drive, 8LS, EV 108.1 MPH) Juan Álvarez to second Runner from 2nd tries for 3rd, SAFE, throw by CF made to third
|
|
Batting: LHB Zak Taylor
|
0-0: Called Strike 0-1: Ball 1-1: Swinging Strike 1-2: Strikes out swinging
|
| Top of the 4th over - 2 runs, 5 hits, 0 errors, 2 left on base; St. Louis 5 - Chicago 5 |
| BOTTOM OF THE 4TH |
|
Chicago Cubs batting - Pitching for St. Louis Cardinals : LHP Chad Cooke
|
|
Batting: RHB Kevin Wilson
|
0-0: Called Strike 0-1: Fly out, F9 (Line Drive, 9S, EV 68.8 MPH)
|
|
Batting: SHB Fidel Mejia
|
0-0: Fly out, F8 (Flyball, 8RXD, EV 97.5 MPH)
|
|
Batting: SHB Daniel Guerrero
|
0-0: Swinging Strike 0-1: Called Strike 0-2: Ball 1-2: Strikes out swinging
|
| Bottom of the 4th over - 0 runs, 0 hits, 0 errors, 0 left on base; St. Louis 5 - Chicago 5 |
| TOP OF THE 5TH |
|
St. Louis Cardinals batting - Pitching for Chicago Cubs : RHP Mike Adon
|
|
Batting: RHB Avery Romero
|
0-0: Ball 1-0: Called Strike 1-1: Ball 2-1: Fly out, F3 (Popup, 23F, EV 80.0 MPH)
|
|
Batting: RHB Cristián Gómez
|
0-0: Ball 1-0: Ball 2-0: Ball 3-0: Base on Balls
|
|
Batting: RHB Sergio Cortés
|
0-0: Ball 1-0: SINGLE (Groundball, 2L, EV 66.9 MPH) (infield hit) Cristián Gómez to second
|
|
Batting: LHB Jason Heyward
|
0-0: Called Strike 0-1: Foul Ball, location: 9LDF 0-2: Ball 1-2: Strikes out looking
|
|
Batting: RHB Phil Logan
|
0-0: Ball 1-0: Foul Ball, location: 3DF 1-1: Swinging Strike 1-2: Ball 2-2: Strikes out swinging
|
| Top of the 5th over - 0 runs, 1 hit, 0 errors, 2 left on base; St. Louis 5 - Chicago 5 |
| BOTTOM OF THE 5TH |
|
Chicago Cubs batting - Pitching for St. Louis Cardinals : LHP Chad Cooke
|
|
Batting: RHB Franklin Barreto
|
0-0: SINGLE (Line Drive, 4D, EV 103.8 MPH)
|
|
Batting: LHB Ron Hicks
|
0-0: Ball Franklin Barreto steals 2nd base 1-0: Ball 2-0: Ball 3-0: Called Strike 3-1: Base on Balls
|
|
Batting: LHB Dave Hopper
|
0-0: Called Strike 0-1: Foul Ball, location: 7LDF 0-2: Ball 1-2: Strikes out swinging
|
|
Batting: RHB Stephen Piscotty
|
0-0: SINGLE (Flyball, 8LS, EV 91.9 MPH) Franklin Barreto to third Ron Hicks to second
|
|
Batting: RHB Rob Snyder
|
0-0: Ball 1-0: Ball 2-0: SINGLE (Flyball, 8LS, EV 98.8 MPH) Franklin Barreto scores Ron Hicks to third Stephen Piscotty to second
|
|
Batting: SHB Dan Williams
|
0-0: Called Strike 0-1: Foul Ball, location: 23FF 0-2: Fly out, F9 (Flyball, 9LM, EV 92.5 MPH) Runner from 3rd tags up, SCORES, throw by RF
|
|
Now in RF: Cal Hewer
|
|
|
Batting: RHB Kevin Wilson
|
0-0: SINGLE (Groundball, 5S, EV 66.3 MPH) (infield hit) Stephen Piscotty to third Rob Snyder to second
|
|
Batting: SHB Fidel Mejia
|
0-0: Swinging Strike 0-1: Foul Ball, location: 3DF 0-2: Ball 1-2: Strikes out swinging
|
| Bottom of the 5th over - 2 runs, 4 hits, 0 errors, 3 left on base; St. Louis 5 - Chicago 7 |
| TOP OF THE 6TH |
|
St. Louis Cardinals batting - Pitching for Chicago Cubs : RHP Mike Adon
|
|
Batting: SHB Lucas Tirado
|
0-0: Ball 1-0: Called Strike 1-1: Ball 2-1: Ball 3-1: Foul Ball, location: 2F 3-2: Base on Balls
|
|
Batting: RHB Juan Álvarez
|
0-0: Ball 1-0: Ball 2-0: Foul Ball, location: 5FF 2-1: Called Strike Lucas Tirado is caught stealing 2nd base 2-4 2-2: Ground out 5-3 (Groundball, 56S, EV 86.9 MPH)
|
|
Batting: RHB Chris Jarvis
|
0-0: Ball 1-0: SINGLE (Groundball, 3D, EV 102.5 MPH)
|
|
Batting: LHB Zak Taylor
|
0-0: Ball Chris Jarvis steals 2nd base 1-0: Ball 2-0: Ball 3-0: Called Strike 3-1: Ground out 3-1 (Groundball, 34, EV 77.5 MPH)
|
| Top of the 6th over - 0 runs, 1 hit, 0 errors, 1 left on base; St. Louis 5 - Chicago 7 |
| BOTTOM OF THE 6TH |
|
Chicago Cubs batting - Pitching for St. Louis Cardinals : LHP Chad Cooke
|
|
Pitching: RHP Von Barr
|
|
|
Batting: SHB Daniel Guerrero
|
0-0: Ball 1-0: Called Strike 1-1: Ball 2-1: Ball 3-1: SINGLE (Groundball, 4MD, EV 95.6 MPH)
|
|
Batting: RHB Franklin Barreto
|
0-0: Ball 1-0: DOUBLE (Flyball, 7LD, EV 98.8 MPH) Daniel Guerrero to third
|
|
Batting: LHB Ron Hicks
|
0-0: Ground out 6-3 (Groundball, 4MD, EV 95.6 MPH) Daniel Guerrero scores Franklin Barreto to third
|
|
Batting: LHB Dave Hopper
|
0-0: Called Strike 0-1: Called Strike 0-2: Foul Ball, location: 2F 0-2: Strikes out swinging
|
|
Batting: RHB Stephen Piscotty
|
0-0: Ball 1-0: Swinging Strike 1-1: Called Strike 1-2: Foul Ball, location: 7LSF 1-2: Foul Ball, location: 3FF 1-2: Foul Ball, location: 2F 1-2: Ball 2-2: Strikes out looking
|
| Bottom of the 6th over - 1 run, 2 hits, 0 errors, 1 left on base; St. Louis 5 - Chicago 8 |
| TOP OF THE 7TH |
|
St. Louis Cardinals batting - Pitching for Chicago Cubs : RHP Mike Adon
|
|
Pitching: RHP Aaron Barrett
|
|
|
Batting: RHB Avery Romero
|
0-0: Ball 1-0: SOLO HOME RUN (Flyball, 9LD, EV 104.4 MPH), Distance : 381 ft
|
|
Batting: RHB Cristián Gómez
|
0-0: Ball 1-0: Foul Ball, location: 25F 1-1: SINGLE (Line Drive, 56D, EV 96.9 MPH)
|
|
Batting: RHB Sergio Cortés
|
0-0: Swinging Strike 0-1: Swinging Strike 0-2: Ball 1-2: Strikes out swinging
|
|
Batting: RHB Cal Hewer
|
0-0: Called Strike 0-1: Hit by Pitch Cristián Gómez to second
|
|
Batting: RHB Phil Logan
|
0-0: Ball 1-0: Ball 2-0: Called Strike 2-1: Ball 3-1: Base on Balls Cristián Gómez to third Cal Hewer to second
|
|
Batting: SHB Lucas Tirado
|
0-0: Called Strike 0-1: Ball 1-1: Grounds into fielders choice 3-2 (Groundball, 3, EV 86.3 MPH) Cal Hewer to third Phil Logan to second
|
|
Batting: RHB Juan Álvarez
|
0-0: Ball 1-0: Ball 2-0: Reached on error, E5 (Groundball, 56S, EV 71.3 MPH) Cal Hewer scores Phil Logan to third Lucas Tirado to second
|
|
Batting: RHB Chris Jarvis
|
0-0: Fly out, F4 (Popup, 34D, EV 70.6 MPH)
|
| Top of the 7th over - 2 runs, 2 hits, 1 error, 3 left on base; St. Louis 7 - Chicago 8 |
| BOTTOM OF THE 7TH |
|
Chicago Cubs batting - Pitching for St. Louis Cardinals : RHP Von Barr
|
|
Batting: RHB Rob Snyder
|
0-0: Called Strike 0-1: Ball 1-1: Ball 2-1: Called Strike 2-2: Strikes out swinging
|
|
Batting: SHB Dan Williams
|
0-0: Foul Ball, location: 3SF 0-1: Ball 1-1: Foul Ball, location: 2RF 1-2: Foul Ball, location: 5SF 1-2: Ball 2-2: Foul Ball, location: 2F 2-2: Strikes out swinging
|
|
Batting: RHB Kevin Wilson
|
0-0: Fly out, F9 (Line Drive, 89D, EV 85.0 MPH)
|
| Bottom of the 7th over - 0 runs, 0 hits, 0 errors, 0 left on base; St. Louis 7 - Chicago 8 |
| TOP OF THE 8TH |
|
St. Louis Cardinals batting - Pitching for Chicago Cubs : RHP Aaron Barrett
|
|
Pitching: LHP Jose G. Gonzalez
|
|
|
Batting: LHB Zak Taylor
|
0-0: Called Strike 0-1: Ball 1-1: Foul Ball, location: 7LSF 1-2: Ground out 4-3 (Groundball, 4, EV 98.1 MPH)
|
|
Batting: RHB Avery Romero
|
0-0: Called Strike 0-1: Foul Ball, location: 5FF 0-2: Foul Ball, location: 3FF 0-2: Ball 1-2: Ball 2-2: Foul Ball, location: 25FF 2-2: Foul Ball, location: 2F 2-2: Foul Ball, location: 9LDF 2-2: Ball 3-2: Foul Ball, location: 2F 3-2: Base on Balls
|
|
Batting: RHB Cristián Gómez
|
0-0: Ball 1-0: Ball 2-0: Swinging Strike 2-1: Swinging Strike 2-2: Ball 3-2: Strikes out swinging
|
|
Batting: RHB Sergio Cortés
|
0-0: Ball 1-0: Called Strike 1-1: Swinging Strike 1-2: Strikes out swinging
|
| Top of the 8th over - 0 runs, 0 hits, 0 errors, 1 left on base; St. Louis 7 - Chicago 8 |
| BOTTOM OF THE 8TH |
|
Chicago Cubs batting - Pitching for St. Louis Cardinals : RHP Von Barr
|
|
Pitching: RHP Carlos A. Salazar
|
|
|
Batting: SHB Fidel Mejia
|
0-0: Called Strike 0-1: Swinging Strike 0-2: Ball 1-2: Foul Ball, location: 2F 1-2: Strikes out swinging
|
|
Batting: SHB Daniel Guerrero
|
0-0: SINGLE (Line Drive, 5D, EV 105.6 MPH)
|
|
Batting: RHB Franklin Barreto
|
0-0: Called Strike 0-1: Ball 1-1: Ground out 3-1 (Groundball, 34S, EV 71.9 MPH) Daniel Guerrero to second
|
|
Batting: LHB Ron Hicks
|
0-0: Called Strike 0-1: Called Strike 0-2: Ball 1-2: Foul Ball, location: 2F 1-2: 2-RUN HOME RUN (Flyball, 89XD, EV 101.3 MPH), Distance : 400 ft
|
|
Batting: LHB Dave Hopper
|
0-0: Ball 1-0: Fly out, F5 (Flyball, 56D, EV 91.9 MPH)
|
| Bottom of the 8th over - 2 runs, 2 hits, 0 errors, 0 left on base; St. Louis 7 - Chicago 10 |
| TOP OF THE 9TH |
|
St. Louis Cardinals batting - Pitching for Chicago Cubs : LHP Jose G. Gonzalez
|
|
Pitching: RHP Orlando Romero
|
|
|
Batting: RHB Cal Hewer
|
0-0: Ball 1-0: Ball 2-0: Ball 3-0: Called Strike 3-1: Ground out 6-3 (Groundball, 6, EV 86.9 MPH)
|
|
Batting: RHB Phil Logan
|
0-0: Called Strike 0-1: Foul Ball, location: 2F 0-2: Strikes out looking
|
|
Batting: SHB Lucas Tirado
|
0-0: Called Strike 0-1: Ball 1-1: Ground out 6-3 (Groundball, 6, EV 97.5 MPH)
|
| Top of the 9th over - 0 runs, 0 hits, 0 errors, 0 left on base; St. Louis 7 - Chicago 10 |
|